 Dungeon Crawl Stone Soup version 0.19-a0-1654-g9d3f708 (webtiles) character file.

22606 sveltemanboy the Carver (level 12, -3/86 HPs)
             Began as a Demonspawn Gladiator on Sept 20, 2016.
             Was the Champion of Okawaru.
             Killed from afar by an orc sorcerer (19 damage)
             ... with a bolt of negative energy
             ... while paralysed by an orc sorcerer
             ... on level 2 of the Orcish Mines.
             The game lasted 01:01:14 (19011 turns).

sveltemanboy the Carver (Demonspawn Gladiator)     Turns: 19011, Time: 01:01:15

Health: -3/86      AC: 40    Str: 26    XL:     12   Next: 64%
Magic:  8/8        EV:  2    Int: 11    God:    Okawaru [******]
Gold:   1006       SH:  0    Dex: 14    Spells: 0 memorised, 11 levels left

rFire  + . .     SeeInvis .     a - +1 falchion of the Enchanted Forest {antimagic, Stlth+}
rCold  . . .     Gourm    .     Q - +9 plate armour "Seriric" {rF- rCorr Int+2}
rNeg   . . .     Faith    .     (no shield)
rPois  .         Spirit   .     (helmet restricted)
rElec  .         Dismiss  +     j - +0 cloak
rCorr  +         Reflect  .     C - +0 pair of gloves {archery}
MR     +....     Harm     .     u - +2 pair of boots
Stlth  ..........               r - amulet of dismissal
                                y - ring of protection from fire
                                n - ring of magical power

@: paralysed, mighty, sanguine armour, drained
A: horns 1, demonic guardian 2, fire resistance 1, magic resistance 1, mutation
resistance 1, powered by pain 2, sanguine armour 3
a: Heroism, Finesse, Renounce Religion


You were on level 2 of the Orcish Mines.
You worshipped Okawaru.
Okawaru was exalted by your worship.
You were not hungry.

You visited 3 branches of the dungeon, and saw 16 of its levels.
You also visited: Labyrinth.

You collected 1214 gold pieces.
You spent 208 gold pieces at shops.

Inventory:

Hand Weapons
 a - the +1 falchion of the Enchanted Forest (weapon) {antimagic, Stlth+}
   (You bought it in a shop on level 2 of the Orcish Mines)

   It reduces the magical energy of the wielder, and disrupts the spells and
   magical abilities of those hit.
   Natural abilities and divine invocations are not affected.
   It makes you more stealthy.
 b - a +0 blowgun
Missiles
 I - 28 poisoned needles
 K - 6 needles of sleeping
 M - 18 curare-tipped needles
 N - 7 silver tomahawks (quivered)
Armour
 j - a +0 cloak (worn)
 u - a +2 pair of boots (worn)
 C - a +0 pair of gloves of archery (worn)
 Q - the +9 plate armour "Seriric" (worn) {rF- rCorr Int+2}
   (Okawaru gifted it to you on level 2 of the Lair of Beasts)

   It affects your intelligence (+2).
   It makes you vulnerable to fire.
   It protects you from acid and corrosion.
Rods
 g - a +6 rod of inaccuracy (5/13)
   (You found it in a labyrinth)
 P - a +5 rod of shadows (11/11)
   (You found it in a labyrinth)
Jewellery
 n - a ring of magical power (left hand)
 r - an amulet of dismissal (around neck)
 y - a ring of protection from fire (right hand)
Wands
 h - a wand of heal wounds (6/9)
 q - a wand of iceblast (8/15)
 s - a wand of confusion (30/48)
 t - a wand of teleportation (6/9)
 w - a wand of paralysis (24/24)
 D - a wand of slowing (28/48)
 L - a wand of acid (0/15)
 O - a wand of teleportation (2/9)
Scrolls
 d - a scroll of magic mapping
 k - 4 scrolls of identify
 x - 3 scrolls of fog
 z - 2 scrolls of amnesia
 B - 4 scrolls of enchant weapon
 H - 5 scrolls of teleportation
Potions
 e - 3 potions of curing
 m - a potion of cure mutation
 v - a potion of flight
 E - 2 potions of cancellation
 J - a potion of invisibility
Miscellaneous
 p - a phial of floods (inert)
 A - a box of beasts
Comestibles
 c - 9 chunks of flesh
 f - 12 bread rations
 o - 14 fruits
 F - a slice of pizza
 G - a meat ration


   Skills:
 - Level 5.0(3.9) Fighting
 * Level 13.7(12.3) Long Blades
 - Level 5.0(3.9) Throwing
 + Level 8.1(6.9) Armour
 - Level 6.0(4.8) Dodging
   Level 0.0 Shields
 - Level 7.0(5.8) Invocations
 + Level 6.5(5.4) Evocations


You had 11 spell levels left.
You didn't know any spells.

Dungeon Overview and Level Annotations

Branches:
Dungeon (12/15)            Temple (0/1) D:4            Lair (2/6) D:10
 Shoals (0/4) Lair:2       Spider (0/4) Lair:2          Orc (2/2) D:9
    Elf (0/3) Orc:2

Altars:
Dithmenos
Fedhas
Hepliaklqana
Nemelex Xobeh
Okawaru
Ru
Sif Muna
Xom
Zin

Shops:
Orc:2 (

Annotations:
D:5 Prince Ribbit


Innate Abilities, Weirdness & Mutations

You have a pair of small horns on your head.
A demonic guardian rushes to your aid.
You sometimes gain power by taking damage.
When seriously injured, your bleeding wounds create very thick armour. (AC +12)
Your flesh is heat resistant. (rF+)
You are resistant to hostile enchantments. (MR+)
You are somewhat resistant to further mutation.


Message History

The ice devil is moderately wounded.
The orc wizard points at you and mumbles some strange words.
The magic dart hits you!
The orc sorcerer hits you but does no damage.
You closely miss the ice devil. Your headbutt misses the ice devil.
The ice devil is moderately wounded.
The ice devil hits you.
Your blood congeals into armour.
The ice devil freezes you!
The orc sorcerer points at you and mumbles some strange words.
The bolt of fire misses you.
You closely miss the orc sorcerer. Your headbutt misses the orc sorcerer.
The ice devil hits you! The ice devil freezes you!!
* * * LOW HITPOINT WARNING * * *
Unknown command.
The orc sorcerer gestures at you while chanting.
You suddenly lose the ability to move!
The ice devil hits you but does no damage.
The orc sorcerer casts a spell at you. The bolt of negative energy hits you!
You feel drained.
You die...

# # #
#################
)..)....)))))...##
##############)).##
##..3# ##).# #@.#
#)4# #oo# #(.# #(.#
)((# ....# .....#
#..#..#


You could see an ice devil, an orc sorcerer, an orc wizard and a friendly smoke
demon.

Vanquished Creatures
  A minotaur (Lab)
  Fannar (Orc:1)
  A death yak (Lair:2)
  2 hill giants
  3 orc sorcerers
  A cyclops (D:11)
  A torpor snail (Lair:2)
  2 spiny frogs
  A rime drake (Lair:2)
  2 komodo dragons (Lair:2)
  A minotaur zombie (Lab)
  3 trolls
  3 hippogriffs
  A snapping turtle (Lair:2)
  A meliai zombie (D:11)
  7 yaks
  A basilisk (D:11)
  2 porcupines
  6 water moccasins
  7 orc warriors
  3 sky beasts
  2 black bears
  3 ice beasts
  6 ogres
  3 necrophages
  5 wolves (Lair:2)
  4 centaurs
  8 crocodiles
  3 big kobolds
  8 bullfrogs
  A gnoll sergeant (D:10)
  A wyvern skeleton (D:11)
  3 scorpions
  2 killer bees
  3 wights (D:8)
  An electric eel (Lair:2)
  3 howler monkeys (D:9)
  5 crimson imps
  2 centaur zombies
  2 bullfrog zombies
  6 hounds
  A centaur skeleton (D:11)
  18 orc priests
  4 jellies
  6 iguanas
  19 orc wizards
  5 worker ants
  2 killer bee zombies
  2 howler monkey zombies
  A worker ant zombie (D:5)
  15 gnolls
  10 adders
  35 river rats
  2 shadow imps (D:10)
  2 oozes (D:4)
  2 adder zombies
  6 worms
  3 dart slugs
  7 leopard geckos
  39 orcs
  4 giant cockroaches
  5 goblins
  11 hobgoblins
  10 jackals
  24 kobolds
  7 quokkas
  2 ball pythons
  5 bats
  8 frilled lizards
  A jackal skeleton (D:5)
  A leopard gecko skeleton (D:4)
  9 rats
  A plant (Lair:2)
388 creatures vanquished.

Vanquished Creatures (collateral kills)
  A hydra (Lair:2)
  2 death yaks (Lair:2)
  2 hill giants (D:11)
  Pikel (D:8)
  An orc knight (Orc:2)
  An orc sorcerer (Orc:2)
  A manticore (D:11)
  A spiny frog (Lair:2)
  A black mamba (Lair:1)
  A torpor snail (Lair:2)
  A troll (Orc:1)
  3 hippogriffs
  A shadow (D:11)
  2 spriggans
  14 yaks
  A basilisk (Lair:1)
  2 porcupines
  3 orc warriors (Orc:2)
  A wasp (D:11)
  3 ogres
  A crocodile (Lair:2)
  A big kobold (D:8)
  A scorpion (D:10)
  5 killer bees
  A centaur zombie (D:5)
  A crimson imp (D:5)
  2 hounds
  2 orc priests (Orc:2)
  2 iguanas
  4 orc wizards
  An adder (D:5)
  2 river rats
  A shadow imp (D:10)
  6 orcs
  A kobold (D:8)
  A fungus (Lair:2)
75 creatures vanquished.

Vanquished Creatures (others)
  A wyvern (D:8)
  An ice beast (D:8)
  A slave (D:8)
  3 orc wizards (Orc:2)
  2 worker ants (D:8)
  2 orcs
  3 jackals (D:4)
  9 fungi
  7 plants
29 creatures vanquished.

Grand Total: 492 creatures vanquished

Notes
Turn   | Place    | Note
-------+----------+-------------------------------------------
     0 | D:1      | sveltemanboy the Demonspawn Gladiator began the quest for the Orb.
     0 | D:1      | Reached XP level 1. HP: 16/16 MP: 1/1
   116 | D:1      | Reached skill level 1 in Armour
   116 | D:1      | Gained mutation: A weak demonic guardian rushes to your aid. [demonic ancestry]
   116 | D:1      | Reached XP level 2. HP: 21/22 MP: 2/2
   342 | D:1      | Reached XP level 3. HP: 8/27 MP: 3/3
  1679 | D:2      | Reached XP level 4. HP: 29/33 MP: 4/4
  2236 | D:2      | Found a blossoming altar of Fedhas.
  2379 | D:3      | You fall through a shaft for 2 floors!
  2379 | D:5      | Entered Level 5 of the Dungeon
  2537 | D:5      | Gained mutation: You evolve. [potion of mutation]
  2537 | D:5      | Gained mutation: You possess an exceptional clarity of mind. [potion of mutation]
  2538 | D:5      | Lost mutation: You evolve. [potion of cure mutation]
  2538 | D:5      | Lost mutation: You possess an exceptional clarity of mind. [potion of cure mutation]
  2539 | D:5      | Gained mutation: Your flesh is heat resistant. (rF+) [potion of mutation]
  2539 | D:5      | Gained mutation: You are resistant to hostile enchantments. (MR+) [potion of mutation]
  2539 | D:5      | Gained mutation: You are somewhat resistant to further mutation. [potion of mutation]
  2541 | D:5      | Gained mutation: When seriously injured, your bleeding wounds create armour. (AC +12) [demonic ancestry]
  2541 | D:5      | Reached XP level 5. HP: 27/38 MP: 5/5
  3504 | D:3      | Found an iron altar of Okawaru.
  3534 | D:3      | Became a worshipper of Warmaster Okawaru
  3579 | D:3      | Found a sacrificial altar of Ru.
  3763 | D:4      | Reached skill level 1 in Invocations
  3848 | D:4      | Noticed an ogre
  3851 | D:4      | Gained mutation: When seriously injured, your bleeding wounds create thick armour. (AC +12) [demonic ancestry]
  3851 | D:4      | Reached XP level 6. HP: 44/44 MP: 5/7
  3944 | D:4      | Reached skill level 5 in Throwing
  4078 | D:4      | Reached * piety under Okawaru
  4254 | D:4      | Found a staircase to the Ecumenical Temple.
  4494 | D:5      | Reached skill level 3 in Long Blades
  4494 | D:5      | Reached XP level 7. HP: 14/51 MP: 9/9
  5026 | D:5      | Noticed Prince Ribbit
  5341 | D:5      | Reached ** piety under Okawaru
  5450 | D:5      | Reached skill level 4 in Long Blades
  5685 | D:6      | Noticed a hill giant
  5701 | D:6      | Gained mutation: You sometimes gain a little power by taking damage. [demonic ancestry]
  5701 | D:6      | Reached XP level 8. HP: 40/57 MP: 11/11
  6070 | D:6      | Killed a hill giant
  6070 | D:6      | Reached skill level 5 in Long Blades
  6070 | D:6      | Reached skill level 5 in Invocations
  6121 | D:6      | HP: 1/57 [acid (11)]
  6427 | D:6      | Reached *** piety under Okawaru
  6475 | D:6      | Reached skill level 6 in Long Blades
  6958 | D:7      | Gained mutation: A demonic guardian rushes to your aid. [demonic ancestry]
  6958 | D:7      | Reached XP level 9. HP: 37/62 MP: 13/13
  7435 | D:7      | Reached skill level 7 in Long Blades
  7493 | D:7      | Got a faintly glowing broad axe
  7494 | D:7      | Identified the +7 broad axe of Overwhelming Force {chop, +Blink rC+ MP+9 Stlth+} (You found it on level 7 of the Dungeon)
  8091 | D:8      | Noticed Pikel
  8158 | D:8      | Reached **** piety under Okawaru
  8289 | D:8      | Reached skill level 8 in Long Blades
  8408 | D:8      | Reached skill level 5 in Evocations
  8605 | D:8      | Killed Pikel
  8696 | D:8      | Found a hazy altar of Hepliaklqana.
  8755 | D:8      | Found a shadowy altar of Dithmenos.
  9190 | D:8      | Found a shimmering altar of Xom.
  9190 | D:8      | Found a deep blue altar of Sif Muna.
  9221 | D:8      | Found a sparkling altar of Nemelex Xobeh.
  9502 | D:9      | Reached skill level 9 in Long Blades
  9502 | D:9      | Gained mutation: You have a pair of small horns on your head. [demonic ancestry]
  9502 | D:9      | Reached XP level 10. HP: 69/69 MP: 15/15
  9748 | D:9      | Found a staircase to the Orcish Mines.
  9942 | D:9      | Reached ***** piety under Okawaru
 10089 | D:9      | Found a glowing silver altar of Zin.
 10138 | D:10     | Entered Level 10 of the Dungeon
 10937 | D:10     | Reached skill level 5 in Armour
 10997 | D:10     | Found a staircase to the Lair.
 11077 | D:10     | Noticed a hill giant
 11087 | D:10     | Killed a hill giant
 11112 | D:10     | Reached skill level 10 in Long Blades
 11151 | D:10     | Received a gift from Okawaru
 11154 | D:10     | Got an ichor-stained shield {god gift}
 11160 | D:10     | Identified the +2 shield of Modesty {rF+++ Int-5 Dex-3 Stlth+} (Okawaru gifted it to you on level 10 of the Dungeon)
 12355 | D:11     | Noticed a hill giant
 12367 | D:11     | Killed a hill giant
 12367 | D:11     | Reached skill level 11 in Long Blades
 12367 | D:11     | Gained mutation: You sometimes gain power by taking damage. [demonic ancestry]
 12367 | D:11     | Reached XP level 11. HP: 67/78 MP: 16/16
 12457 | D:11     | Noticed a hill giant
 12469 | D:11     | Killed a hill giant
 12477 | D:11     | Reached skill level 5 in Fighting
 12520 | D:11     | Paralysed by a wasp for 3 turns
 13366 | Lair:1   | Entered Level 1 of the Lair of Beasts
 13497 | Lair:1   | Found a labyrinth entrance.
 13511 | Lab      | Entered a labyrinth
 13761 | Lab      | Noticed a minotaur
 13775 | Lab      | Killed a minotaur
 13795 | Lab      | Got a brightly glowing chain mail
 13795 | Lab      | Got a twisted scale mail
 13806 | Lab      | Identified the +7 chain mail of the Cockatrice {-Tele Dex+6} (You found it in a labyrinth)
 13816 | Lab      | Identified the +2 scale mail of Cawuyw {Str+4 Dex-5 Stlth+} (You found it in a labyrinth)
 14022 | Lair:1   | Received a gift from Okawaru
 14128 | Lair:1   | Reached skill level 12 in Long Blades
 15021 | Lair:2   | Received a gift from Okawaru
 15194 | Lair:2   | Reached ****** piety under Okawaru
 15362 | Lair:2   | Found a hole to the Spider Nest.
 15398 | Lair:2   | Reached skill level 5 in Dodging
 15529 | Lair:2   | Noticed an eight-headed hydra
 15561 | Lair:2   | Killed an eight-headed hydra
 15561 | Lair:2   | Received a gift from Okawaru
 15574 | Lair:2   | Got a bloodstained plate armour {god gift}
 15863 | Lair:2   | Identified the +9 plate armour "Seriric" {rF- rCorr Int+2} (Okawaru gifted it to you on level 2 of the Lair of Beasts)
 16204 | Lair:2   | Gained mutation: When seriously injured, your bleeding wounds create very thick armour. (AC +12) [demonic ancestry]
 16204 | Lair:2   | Reached XP level 12. HP: 86/86 MP: 17/17
 16310 | Lair:2   | Identified a +6 rod of inaccuracy (13/13) (You found it in a labyrinth)
 16311 | Lair:2   | Identified a +5 rod of shadows (11/11) (You found it in a labyrinth)
 16444 | Lair:2   | Found a staircase to the Shoals.
 17146 | Lair:2   | Noticed a death yak
 17154 | Lair:2   | Noticed a death yak
 17161 | Lair:2   | Killed a death yak
 17161 | Lair:2   | Reached skill level 13 in Long Blades
 17164 | Lair:2   | Noticed a death yak
 17168 | Lair:2   | Noticed a death yak
 17179 | Lair:2   | Killed a death yak
 17195 | Lair:2   | Killed a death yak
 17527 | Orc:1    | Entered Level 1 of the Orcish Mines
 17529 | Orc:1    | Noticed Fannar
 17807 | Orc:1    | Killed Fannar
 17807 | Orc:1    | Received a gift from Okawaru
 17925 | Orc:2    | Entered Level 2 of the Orcish Mines
 17948 | Orc:1    | Received a gift from Okawaru
 18406 | Orc:2    | Found a staircase to the Elven Halls.
 18455 | Orc:2    | Found Awijude's Antique Weapon Shop.
 18464 | Orc:2    | Bought an encrusted falchion for 208 gold pieces
 18464 | Orc:2    | Identified the cursed +1 falchion of the Enchanted Forest {antimagic, Stlth+} (You bought it in a shop on level 2 of the Orcish Mines)
 19010 | Orc:2    | Paralysed by an orc sorcerer for 7 turns
 19011 | Orc:2    | Killed from afar by an orc sorcerer

Vault maps used:
D:1:      minmay_arrival_open_corners, serial_forest,
          infiniplex_forest_zigzag_1, infiniplex_forest_clump_medium,
          infiniplex_forest_end_3, infiniplex_forest_clump_long,
          infiniplex_forest_pool, infiniplex_forest_straight_4
D:2:      fedhas_altar_fruit_tree, serial_bayou_ford_a
D:3:      marbit_many_paths, okawaru_gym_becter
D:4:      lemuel_old_faithful
D:5:      kennysheep_spiral_hall, first_bread, uniq_prince_ribbit1
D:7:      the_bakery, nicolae_water_bricks, kennysheep_generic_room_6
D:8:      gammafunk_temple_overflow_wave, nicolae_overflow_crystal_walls,
          nemelex_altar_shiori, lemuel_round_altar, serial_glass,
          glass_columns_a, glass_columns_a, glass_columns_a, glass_columns_a,
          glass_columns_a, glass_columns_c, glass_columns_a, glass_columns_a,
          glass_columns_c, glass_columns_c, feat_on_display,
          minmay_strange_pillars, item_on_display_a, minmay_strange_pillars,
          uniq_pikel
D:9:      kennysheep_mini_moat
D:10:     wad_pebble_path, minmay_lair_entry_grove
D:11:     uniq_nergalle
D:12:     uniq_kirke
Lair:1:   lab_entry_generic, grunt_forest_small_clearings
Lair:2:   minmay_shoals_entry_hut, spider_nest_entry_web_field,
          nicolae_quartered_pool_super, grunt_forest_large_clearing_hut
Orc:1:    uniq_fannar
Orc:2:    st_orc_mages, serial_shops, nicolae_shop_stone
Lab:      labyrinth_hidden_loot

Skill      XL: |  1  2  3  4  5  6  7  8  9 10 11 12 |
---------------+-------------------------------------+-----
Throwing       | 2 3 4 5 |  5.0
Armour         | 1 2 3 4 5 7 8 |  8.1
Dodging        | 3 5 6 |  6.0
Invocations    | 1 3 4 6 7 |  7.0
Long Blades    | 3 4 6 9 11 12 13 | 13.7
Evocations     | 3 5 6 |  6.5
Fighting       | 4 5 |  5.0

Action                   |  1- 3 |  4- 6 |  7- 9 | 10-12 || total
-------------------------+-------+-------+-------+-------++-------
Melee: Long sword        |    89 |   253 |   549 |   989 ||  1880
       Headbutt          |       |       |       |   279 ||   279
       Punch             |       |       |       |     1 ||     1
       Falchion          |       |       |       |   121 ||   121
 Fire: Blowgun           |       |       |    31 |   121 ||   152
Throw: Stone             |    54 |    54 |    43 |       ||   151
       Throwing net      |     6 |       |       |     5 ||    11
       Tomahawk          |       |       |     6 |    20 ||    26
Invok: Heroism           |       |       |     1 |     1 ||     2
Evoke: Wand              |       |       |     8 |    12 ||    20
       Rod               |       |       |       |    11 ||    11
       Phial of floods   |       |       |       |     1 ||     1
  Use: Potion            |       |     5 |     4 |     6 ||    15
       Scroll            |       |     2 |    12 |    14 ||    28
 Stab: Distracted        |       |       |     2 |       ||     2
       Held in net/web   |       |       |       |     5 ||     5
       Confused          |       |       |       |     4 ||     4
  Eat: Chunk             |     2 |    10 |    16 |    29 ||    57
       Beef jerky        |       |       |       |     3 ||     3
Armor: Leather armour    |     6 |       |       |       ||     6
       Ring mail         |    10 |    82 |   148 |   130 ||   370
       Chain mail        |       |       |    57 |    89 ||   146
       Plate armour      |       |       |       |   175 ||   175
Dodge: Dodged            |    32 |   131 |   271 |   420 ||   854
